 Dungeon Crawl Stone Soup version 0.31-a0-698-g4a7cf283bb (webtiles) character file.

Game seed: 3833184240111531674

20 qw the Shooter (level 2, 0/17 HPs)
             Began as a Gargoyle Hunter on Sept 7, 2023.
             Slain by a kobold
             ... wielding a +0 short sword of freezing
              (1 damage)
             ... on level 1 of the Dungeon.
             The game lasted 00:00:10 (291 turns).

qw the Shooter (Gargoyle Hunter)                     Turns: 291, Time: 00:00:11

Health: 0/17       AC:  5    Str: 14    XL:     2   Next: 79%
Magic:  2/2        EV: 11    Int:  9    God:
Gold:   12         SH:  0    Dex: 13    Spells: 1/1 levels left

rFire   . . .        a - +0 shortbow
rCold   . . .        (shield currently unavailable)
rNeg    + . .        c - +0 leather armour
rPois   inf          (no helmet)
rElec   +            (no cloak)
rCorr   .            (no gloves)
SInv    .            (no boots)
Will    .....        (no amulet)
Stlth   +            (no ring)
HPRegen 0.22/turn    (no ring)
MPRegen 0.08/turn

%: no passive effects
@: no status effects
A: sickness immunity, AC +2, negative energy resistance 1, electricity
resistance, torment resistance 1, petrification resistance
a: no special abilities


You were on level 1 of the Dungeon.
You visited 1 branch of the dungeon, and saw 1 of its levels.

You collected 12 gold pieces.


Innate Abilities, Weirdness & Mutations

You are immune to sickness and miasma.
Your stone body is resilient. (AC +2)
You are immune to poison.
You resist negative energy. (rN+)
You are resistant to electric shocks. (rElec)
You are resistant to unholy torment.
You are immune to petrification.


   Skills:
 - Level 2.1 Fighting
 + Level 4.8 Ranged Weapons
 - Level 1.5 Dodging
 - Level 1.1 Stealth


You had one spell level left.
You didn't know any spells.
Your spell library was empty.

Inventory:

Hand Weapons
 a - a +0 shortbow (weapon)
Armour
 c - a +0 leather armour (worn)
Scrolls
 b - a scroll of butterflies
 d - 2 scrolls of identify {unknown}
 f - a scroll of immolation {unknown}
Potions
 e - a potion of lignification {unknown}
 g - 2 potions of attraction {unknown}

Dungeon Overview and Level Annotations

Branches:
Dungeon (1/15)

Altars:


Message History

The ball python grabs you. The ball python constricts you.
The bat hits you but does no damage.
You shoot an arrow. The arrow hits the ball python.
You kill the ball python!
The bat misses you.
You shoot an arrow. The arrow barely misses the bat.
The bat hits you but does no damage.
You shoot an arrow. The arrow closely misses the bat.
The kobold shouts!
The bat closely misses you.
You shoot an arrow. The arrow hits the bat.
You kill the bat!
You shoot an arrow. The arrow barely misses the kobold.
The kobold shouts!
You hear a shout!
You shoot an arrow. The arrow closely misses the kobold.
The kobold throws a stone.
The stone closely misses you.
An endoplasm comes into view.
You shoot an arrow. The arrow hits the kobold.
The kobold is heavily wounded.
The kobold misses you.
You shoot an arrow. The arrow barely misses the kobold.
The kobold barely misses you.
You shoot an arrow. The arrow closely misses the kobold.
The kobold closely misses you.
You shoot an arrow. The arrow misses the kobold.
The arrow hits the endoplasm.
You kill the endoplasm!
The kobold throws a stone.
The stone barely misses you. The kobold hits you with a +0 club.
You shoot an arrow. The arrow barely misses the kobold.
The kobold hits you with a +0 club.
You shoot an arrow. The arrow misses the kobold.
The kobold hits you with a +0 short sword of freezing.
The kobold freezes you. The kobold hits you but does no damage.
The kobold hits you with a +0 club. The kobold barely misses you.
You shoot an arrow. The arrow closely misses the kobold.
The kobold hits you with a +0 club.
The kobold hits you with a +0 short sword of freezing.
The kobold freezes you.
You die...

####.........###.......#
#..
#...................#
#..
....................#
#..
...................###..
..........#........##...
...................##..#
...........).#..####...#
..........##......#..#.#
.....%K@.#####.##...##.#
#.####K### #..######.#
#. ##....###.# ..
####.....# ... #####.#
.... #.# ..... #.#
#.#.#. ###


You could see 2 kobolds.

Vanquished Creatures
  4 ball pythons (D:1)
  2 endoplasms (D:1)
  A giant cockroach (D:1)
  3 goblins (D:1)
  A quokka (D:1)
  5 bats (D:1)
  3 rats (D:1)
19 creatures vanquished.

Notes
Turn   | Place    | Note
-------+----------+-------------------------------------------
     0 | D:1      | qw the Gargoyle Hunter began the quest for the Orb.
     0 | D:1      | Reached XP level 1. HP: 12/12 MP: 1/1
     0 | D:1      | 0 ||| qw: Version: 0.3-a-76-g4403597
     0 | D:1      | 0 ||| qw: Game counter: 371
     0 | D:1      | 0 ||| qw: Melee chars always use a shield: true
     0 | D:1      | 0 ||| qw: God list: Okawaru
     0 | D:1      | 0 ||| qw: Allow faded altars: false
     0 | D:1      | 0 ||| qw: Do Orc after clearing Dungeon:15 true
     0 | D:1      | 0 ||| qw: Do second Lair branch before Depths: true
     0 | D:1      | 0 ||| qw: Lair rune preference: random
     0 | D:1      | 0 ||| qw: Goals: Normal
     0 | D:1      | 0 ||| PLANNING D:1-11
    69 | D:1      | Reached XP level 2. HP: 7/17 MP: 2/2
   291 | D:1      | HP: 4/17 [kobold/+0 club (1)]
   291 | D:1      | HP: 1/17 [kobold/+0 short sword of freezing (3)]
   291 | D:1      | Slain by a kobold

Levels and vault maps discovered:
D:1:      onia_arrival_mini_spirals, layout_rooms, minmay_tiny_reverse_x

Action                     || total
---------------------------++-------
   Fire: Shortbow          ||    56
 Armour: Leather armour    ||    16
  Dodge: Dodged            ||    17

Table legend:
 A = Non-vault XP
 B = Vault XP
 C = Vault XP percentage of total XP
 D = Non-vault monster count
 E = Vault monster count
 F = Vault count percentage of total count
                 A         B        C        D         E       F
            +---------+---------+-------+---------+---------+-------
      Total |      28 |       1 |   3.4 |      18 |       1 |   5.3
            +---------+---------+-------+---------+---------+-------
        D:1 |      28 |       1 |   3.4 |      18 |       1 |   5.3
            +---------+---------+-------+---------+---------+-------
